 Dungeon Crawl Stone Soup version 0.24.1-8-ga250c9d538 (webtiles) character file.

Game seed: 15088394145487307486, levelgen mode: deterministic

345 loralnil the Shield-Bearer (level 6, -11/33 HPs)
             Began as a Vine Stalker Fighter on May 7, 2020.
             Engulfed by Ijyb's freezing vapour (16 damage)
             ... on level 3 of the Dungeon.
             The game lasted 00:04:49 (2294 turns).

loralnil the Shield-Bearer (Vine Stalker Fighter)   Turns: 2294, Time: 00:04:49

Health: -11/33     AC:  9    Str: 20    XL:     6   Next: 58%
Magic:  0/7        EV:  5    Int:  8    God:
Gold:   111        SH:  9    Dex: 14    Spells: 5/5 levels left

rFire    . . .     SeeInvis .   a - +0 long sword
rCold    . . .     Gourm    .   c - +0 shield
rNeg     . . .     Faith    .   i - +0 chain mail
rPois    .         Spirit   +   (no helmet)
rElec    .         Reflect  .   (no cloak)
rCorr    .         Harm     .   (no gloves)
MR       .....                  (no boots)
Stlth    ..........             (no amulet)
HPRegen  0.51/turn              (no ring)
MPRegen  0.10/turn              (no ring)

@: no status effects
A: fangs 2, regeneration 1, magic shield, antimagic bite, no potion heal 3, rot
immunity
a: no special abilities


You were on level 3 of the Dungeon.
You were not hungry.

You visited 1 branch of the dungeon, and saw 4 of its levels.

You collected 111 gold pieces.

Inventory:

Hand Weapons
 a - a +0 long sword (weapon)
Armour
 c - a +0 shield (worn)
 i - a +0 chain mail (worn)
Wands
 n - a wand of digging (4)
Scrolls
 e - 2 scrolls of teleportation {unknown}
 g - a scroll of blinking {unknown}
 j - 3 scrolls of amnesia {unknown}
 k - 4 scrolls of identify {unknown}
 p - a scroll of remove curse {unknown}
Potions
 b - a potion of degeneration {unknown}
 h - 2 potions of haste {unknown}
 l - 5 potions of curing {unknown}
 m - a potion of magic {unknown}
 o - a potion of flight {unknown}
Comestibles
 d - 9 chunks of flesh
 f - 10 rations


   Skills:
 + Level 4.0 Fighting
 + Level 3.3 Long Blades
 + Level 3.5 Armour
 + Level 4.0 Shields


You had 5 spell levels left.
You didn't know any spells.
Your spell library was empty.

Dungeon Overview and Level Annotations

Branches:
Dungeon (4/15)
 Temple: D:4-7

Altars:
Fedhas
Ru

Annotations:
D:3 Ijyb


Innate Abilities, Weirdness & Mutations

You have extremely sharp teeth.
Your natural rate of healing is unusually fast.
When hurt, damage is shared between your health and your magic reserves.
Your bite disrupts and absorbs the magic of your enemies.
Potions cannot restore your health.
You are immune to rotting.


Message History

You butcher the giant cockroach corpse.
d - 10 chunks of flesh (gained 1) Some of the chunks of flesh in your inventory have rotted away.
Ijyb the Twisted Goblin comes into view.
She is wielding a +0 dagger, wearing a +0 leather armour of cold resistance and carrying a wand of clouds (3).
Ijyb shouts!
Ijyb zaps a wand.
Ijyb creates a blast of freezing vapour!
You slash Ijyb! Your bite misses Ijyb.
Ijyb is moderately wounded.
You are engulfed in freezing vapours.
Ijyb hits you with a +0 dagger.
You closely miss Ijyb. You bite Ijyb, but do no damage.
Ijyb is moderately wounded.
You are engulfed in freezing vapours.
Ouch! That really hurt!
* * * LOW HITPOINT WARNING * * *
Ijyb hits you but does no damage.
Your chain mail prevents you from hitting Ijyb.
Ijyb is moderately wounded.
You are engulfed in freezing vapours.
You die...

#######..# # ##.# # #.#
###### #.# ########
...>.###.# #......#
####..##.# #..$...#
##..#.# #......#
###.#.#######g.....#
####............@.....#
.....#.##.######§§....#
######....######§§....#
##........§§§§...#
#........########
#........# #........#
## #.......##
.######....>..#


You could see Ijyb.

Vanquished Creatures
  A centaur (D:4)
  3 hounds
  An orc priest (D:3)
  2 orc wizards
  2 adders
  An ooze (D:1)
  A worm (D:4)
  3 leopard geckos
  3 orcs (D:3)
  7 giant cockroaches
  8 goblins
  9 hobgoblins
  8 bats
  2 frilled lizards
  6 kobolds
  8 rats
65 creatures vanquished.

Notes
Turn   | Place    | Note
-------+----------+-------------------------------------------
     0 | D:1      | loralnil the Vine Stalker Fighter began the quest for the
                  | Orb.
     0 | D:1      | Reached XP level 1. HP: 11/11 MP: 2/2
   282 | D:1      | Reached XP level 2. HP: 12/16 MP: 1/3
   838 | D:1      | Reached XP level 3. HP: 19/19 MP: 4/4
  1488 | D:2      | You fall into a shaft and drop 2 floors!
  1488 | D:4      | Found a blossoming altar of Fedhas.
  1488 | D:4      | Noticed a centaur
  1522 | D:4      | Killed a centaur
  1522 | D:4      | Gained mutation: Your natural rate of healing is unusually
                  | fast. [Vine Stalker growth]
  1522 | D:4      | Reached XP level 4. HP: 6/24 MP: 1/5
  1540 | D:4      | Reached XP level 5. HP: 15/28 MP: 6/6
  1720 | D:3      | You fall into a shaft and drop 1 floor!
  1720 | D:4      | Noticed an ogre
  1784 | D:3      | Reached XP level 6. HP: 33/33 MP: 7/7
  1952 | D:2      | Found a sacrificial altar of Ru.
  2288 | D:3      | Noticed Ijyb
  2294 | D:3      | Engulfed by Ijyb's freezing vapour

Levels and vault maps discovered:
D:1:      elethiomel_arrival_diamonds, layout_basic, chequers_arboretum,
          chequers_jeans, hex_medium, minmay_vboxes
D:2:      layout_rooms, nicolae_ru_great_annihilating_truth, first_ration
D:3:      layout_rooms, uniq_ijyb
D:4:      cheibrodos_pilgrimage, layout_basic, fedhas_bush_and_centaur_altar

Skill      XL: |  1  2  3  4  5  6 |
---------------+-------------------+-----
Long Blades    | 2 3 |  3.3
Shields        | 3 4 |  4.0
Fighting       | 3 4 |  4.0
Armour         | 3 |  3.5

Action                   |  1- 3 |  4- 6 || total
-------------------------+-------+-------++-------
Melee: Long sword        |    81 |   113 ||   194
       Bite              |    24 |    31 ||    55
  Use: Potion            |     1 |       ||     1
 Stab: Paralysed         |       |     1 ||     1
  Eat: Chunk             |     2 |     3 ||     5
Armor: Scale mail        |    32 |       ||    32
       Chain mail        |    28 |    90 ||   118
Dodge: Dodged            |    23 |    25 ||    48
Block: Shield            |    53 |    99 ||   152
       Rpst.: Long sword |     7 |     7 ||    14
